 Dungeon Crawl Stone Soup version 0.28-a0-998-gb9e9c7b67e (webtiles) character file.

Game seed: 16551936551375876250

19 KyoPewz the Chiller (level 2, 0/20 HPs)
             Began as a Ghoul Ice Elementalist on Dec 6, 2021.
             Slain by Terence (8 damage)
             ... on level 2 of the Dungeon.
             The game lasted 00:05:40 (1405 turns).

KyoPewz the Chiller (Ghoul Ice Elementalist)        Turns: 1405, Time: 00:05:41

Health: 0/20       AC:  2    Str: 11    XL:     2   Next: 75%
Magic:  4/4        EV: 12    Int: 10    God:
Gold:   59         SH:  0    Dex:  9    Spells: 4/5 levels left

rFire   . . .      SeeInvis .   (no weapon)
rCold   + . .      Faith    .   (no shield)
rNeg    + + +      Spirit   .   a - +0 robe
rPois   ∞          Reflect  .   (no helmet)
rElec   .          Harm     .   (no cloak)
rCorr   .          Rampage  .   (no gloves)
Will    .....                   (no boots)
Stlth   ++........              (no amulet)
HPRegen 0.00/turn               (no ring)
MPRegen 0.09/turn               (no ring)

@: inhibited regen
A: claws 1, cold resistance 1, negative energy resistance 3, inhibited
regeneration, torment resistance 2
a: no special abilities


You were on level 2 of the Dungeon.
You visited 1 branch of the dungeon, and saw 2 of its levels.

You collected 59 gold pieces.


Innate Abilities, Weirdness & Mutations

You thrive by killing the living.
You are immune to poison.
You have sharp fingernails.
Your flesh is cold resistant. (rC+)
You are immune to negative energy. (rN+++)
You do not regenerate when monsters are visible.
You are immune to unholy pain and torment.


   Skills:
 - Level 1.7 Dodging
 - Level 2.1 Stealth
 - Level 2.0 Spellcasting
 + Level 5.1 Ice Magic


You had 4 spell levels left.
You knew the following spells:

 Your Spells              Type           Power      Damage    Failure   Level
a - Freeze                Ice            44%        1d6       3%          1

Your spell library contained the following spells:

 Spells                   Type           Power      Damage    Failure   Level
 Frozen Ramparts          Ice            22%        1d4       12%         3
 Ozocubu's Armour         Ice            11%        N/A       12%         3
 Ensorcelled Hibernation  Hex/Ice        12%        N/A       17%         2
 Ignite Poison            Fire/Tmut/Pois 1%         N/A       67%         3
 Mephitic Cloud           Conj/Pois/Air  1%         N/A       67%         3
 Tukima's Dance           Hex            1%         N/A       67%         3
 Hailstorm                Conj/Ice       6%         3d4       73%         4
 Freezing Cloud           Conj/Ice/Air   2%         6-21      99%         5

Inventory:

Hand Weapons
 b - a +0 whip {mace}
   (You found it on level 1 of the Dungeon)
 c - a +0 club {mace}
   (You took it off a goblin on level 1 of the Dungeon)
 f - a +0 dagger {short}
   (You found it on level 1 of the Dungeon)
Missiles
 g - 21 arrows
 k - 20 stones (quivered) {throwing}
Armour
 a - a +0 robe (worn)
Scrolls
 e - a scroll of noise {unknown}
 h - 2 scrolls of magic mapping {unknown}
 i - a scroll of teleportation {unknown}
Potions
 d - a potion of haste {unknown}
 j - a potion of curing {unknown}

Dungeon Overview and Level Annotations

Branches:
Dungeon (2/15)

Altars:

Annotations:
D:2 Terence

#.. ...# ....##..# ###.
##.#.#...# ...# ........#
#.. .......# #.####..#...#
####.......#...# .
...>.......#...#########
....##....<..@............
#......#.##....#######.
............###@.##
.#.#......### ##.# .#
...##...## #.# #.# #.
##.## #.# #.# # # ### #.#
#.# # #.# #.# # #.# #.# #


You could see Terence.


Message History

You freeze the endoplasm. The endoplasm freezes you.
You are frozen.
You resist. 😕 HP[-2] MP[-1]
You take 2 damage, and now have 18/20 hp.
You lost 1 mp, and now have 3/4 mp.
You freeze the endoplasm.
You kill the endoplasm!
You feel better. 😎 HP[+2] MP[-1]
Your hp is fully restored (20).
You lost 1 mp, and now have 2/4 mp.
You now have 59 gold pieces (gained 8).
k - 21 stones {throwing} A bat comes into view. 😎 MP[+2]
Your mp is fully restored (4).
Found an escape hatch in the floor.
You miss the bat. The bat hits you. 😕 HP[-1]
You take 1 damage, and now have 19/20 hp.
You freeze the bat.
You kill the bat! 😕 MP[-1]
You lost 1 mp, and now have 3/4 mp.
h - 2 scrolls labelled HANICV OKHA (gained 1)
A frilled lizard comes into view. 😎 HP[+1] MP[+1]
Your hp is fully restored (20).
Your mp is fully restored (4).
The frilled lizard hisses angrily.
The frilled lizard bites you but does no damage.
You scratch the frilled lizard. The frilled lizard bites you. 😕 HP[-2]
You take 2 damage, and now have 18/20 hp.
You freeze the frilled lizard.
You kill the frilled lizard!
You feel better. 😎 HP[+2] MP[-1]
Your hp is fully restored (20).
You lost 1 mp, and now have 3/4 mp.
You see here a frilled lizard corpse.
Terence the Incautious comes into view.
He is wielding a +0 trident. 😎 MP[+1]
Your mp is fully restored (4).
You see here a frilled lizard corpse.
Terence shouts!
Terence misses you.
You freeze Terence.
Terence hits you with a +0 trident. 😮 HP[-6] MP[-1]
You take 6 damage, and now have 14/20 hp.
MASSIVE DAMAGE!! (PAUSE)
You lost 1 mp, and now have 3/4 mp.
You are too injured to fight recklessly!
Casting: Freeze (safe; 3% risk of failure)
Confirm with . or Enter, or press ? or * to list all spells.
Aiming: Freeze (safe; 3% risk of failure)
Press: ? - help, Shift-Dir - straight line, f/p - Terence
Aim: Terence, wielding a +0 trident and wearing a +0 chain mail (moderately wounded)
You freeze Terence. Terence closely misses you. 😮 MP[-1]
You lost 1 mp, and now have 2/4 mp.
Casting: Freeze (safe; 3% risk of failure)
Confirm with . or Enter, or press ? or * to list all spells.
Aiming: Freeze (safe; 3% risk of failure)
Press: ? - help, Shift-Dir - straight line, f/p - Terence
Aim: Terence, wielding a +0 trident and wearing a +0 chain mail (moderately wounded)
You freeze Terence. Terence hits you with a +0 trident!
* * * LOW HITPOINT WARNING * * *
😨 HP[-7] MP[-1]
You take 7 damage, and now have 7/20 hp.
MASSIVE DAMAGE!! (PAUSE)
You lost 1 mp, and now have 1/4 mp.
Press: ? - help, v - describe, . - travel The floor.
Unknown command.
Terence misses you. 😨 HP[+1] MP[+1] 😨 MP[+1] Terence says, "How do you enjoy it?"
Terence asks, "Do you want it fast or slow?"
Terence says, "Don't bother to defend, it's senseless." 😨 MP[+1]
Your mp is fully restored (4).
Terence shouts, "DIE!!!"
Aiming: Freeze (safe; 3% risk of failure)
Press: ? - help, Q - select action, (/) - cycle Shift-Dir - straight line, f - you, p - Terence
Okay, then.
Unknown command.
Aiming: Freeze (safe; 3% risk of failure)
Press: ? - help, Q - select action, (/) - cycle Shift-Dir - straight line, f/p - Terence
Aim: Terence, wielding a +0 trident and wearing a +0 chain mail (heavily wounded) Out of range.
Okay, then.
Throw: 21 stones {throwing}
Press: ? - help, Q - select action, (/) - cycle Shift-Dir - straight line, f/p - Terence
Aim: Terence, wielding a +0 trident and wearing a +0 chain mail (heavily wounded, 61% to hit)
You throw a stone {throwing}.
The stone {throwing} barely misses Terence.
Terence shouts, "Now you die!" Terence closely misses you.
Terence hits you from afar with a +0 trident!
You die...

Skill      XL: |  1  2 |
---------------+-------+-----
Spellcasting   | 2 |  2.0
Ice Magic      | 5 |  5.1
Dodging        | |  1.7
Stealth        | |  2.1

Action                   || total
-------------------------++-------
Melee: Unarmed           ||    30
Throw: Stone             ||     1
 Cast: Freeze            ||    15
 Stab: Sleeping          ||     3
Armor: Robe              ||    12
Dodge: Dodged            ||    21

Levels and vault maps discovered:
D:1:      lightli_arrival_isolated_outpost, layout_basic
D:2:      layout_loops_ring, hellmonk_ecumenical_altar_inner_sanctum,
          kennysheep_small_spiral, uniq_terence

Notes
Turn   | Place    | Note
-------+----------+-------------------------------------------
     0 | D:1      | KyoPewz the Ghoul Ice Elementalist began the quest for the
                  | Orb.
     0 | D:1      | Reached XP level 1. HP: 14/14 MP: 2/2
     0 | D:1      | magus.rc [v1.9.6]
    44 | D:1      | You add the spells Ignite Poison, Mephitic Cloud and
                  | Freezing Cloud to your library.
   310 | D:1      | Reached skill level 2 in Spellcasting
   408 | D:1      | Reached XP level 2. HP: 15/20 MP: 4/4
   854 | D:1      | Reached skill level 5 in Ice Magic
   858 | D:1      | You pick up a book of Maledictions and begin reading...
   858 | D:1      | You add the spells Ensorcelled Hibernation and Tukima's
                  | Dance to your library.
  1323 | D:2      | Noticed Terence
  1405 | D:2      | Slain by Terence

Vanquished Creatures
  A dart slug (D:1)
  3 endoplasms
  2 giant cockroaches
  A goblin (D:1)
  A hobgoblin (D:1)
  A quokka (D:1)
  3 bats
  2 frilled lizards
  2 rats (D:1)
16 creatures vanquished.

Table legend:
 A = Non-vault XP
 B = Vault XP
 C = Vault XP percentage of total XP
 D = Non-vault monster count
 E = Vault monster count
 F = Vault count percentage of total count
                 A         B        C        D         E       F
            +---------+---------+-------+---------+---------+-------
      Total |      28 |       0 |   0.0 |      16 |       0 |   0.0
            +---------+---------+-------+---------+---------+-------
        D:1 |      22 |       0 |   0.0 |      12 |       0 |   0.0
        D:2 |       6 |       0 |   0.0 |       4 |       0 |   0.0
            +---------+---------+-------+---------+---------+-------

Illustrated notes

Table legend:
 A = Kills in this place as a percentage of kills in entire the game.
 B = Kills by you in this place as a percentage of kills by you in the entire game.
 C = Kills by friends in this place as a percentage of kills by friends in the entire game.
 D = Other kills in this place as a percentage of other kills in the entire game.
 E = Experience gained in this place as a percentage of experience gained in the entire game.
 F = Experience gained in this place divided by the number of levels of this place that you have seen.
                   A       B       C       D       E      F
               +-------+-------+-------+-------+-------+----------------------
         Total | 100.0 | 100.0 |   N/A |   N/A | 100.0 |  14.0
       Dungeon | 100.0 | 100.0 |   N/A |   N/A | 100.0 |  14.0
               +-------+-------+-------+-------+-------+----------------------

Table legend: (Time is in decaauts)
 A = Elapsed time spent in this place.
 B = Non-inter-level travel time spent in this place.
 C = Inter-level travel time spent in this place.
 D = Time resting spent in this place.
 E = Time spent auto-exploring this place.
 F = Levels seen in this place.
 G = Mean time per level.
                   A        B        C        D        E       F      G
               +--------+--------+--------+--------+--------+-----+--------+
         Total |   1412 |   1374 |     38 |    224 |    891 |   2 |  706.0 |
       Dungeon |   1412 |   1374 |     38 |    224 |    891 |   2 |  706.0 |
               +--------+--------+--------+--------+--------+-----+--------+

Top non-repeatable levels by time:
     D:1: 1176 daAuts
     D:2: 235 daAuts
